 Dungeon Sprint DCSS version 0.28.0-43-g3370ac3207 (webtiles) character file.

Game seed: 14242314339006429594

807 boopmooplesden the Cleaver (level 7, 0/78 HPs)
             Began as a Minotaur Berserker on Mar 17, 2022.
             Was a Priest of Trog.
             Slain by a sun demon (16 damage)
             ... summoned by a kobold demonologist
             ... in the Dungeon (Sprint I: "Red Sonja").
             The game lasted 00:00:44 (636 turns).

boopmooplesden the Cleaver (Minotaur Berserker)      Turns: 636, Time: 00:00:46

Health: 0/78       AC:  8    Str: 21    XL:     7   Next: 60%
Magic:  6/6        EV: 12    Int:  4    God:    Trog [***...]
Gold:   270        SH:  0    Dex: 12    Spells: 6/6 levels left

rFire   . . .      SeeInvis .   m - +0 scythe (vorpal)
rCold   . . .      Faith    .   (shield currently unavailable)
rNeg    . . .      Spirit   .   k - +0 scale mail
rPois   .          Reflect  .   (helmet restricted)
rElec   .          Harm     .   (no cloak)
rCorr   .          Rampage  .   (no gloves)
Will    .....      NoTele   +   (no boots)
Stlth   ..........              (no amulet)
HPRegen 0.23/turn               (no ring)
MPRegen 0.10/turn               (no ring)

@: on berserk cooldown, slowed, very slow
A: horns 2, retaliatory headbutt
a: Renounce Religion, Berserk, Trog's Hand


You were in the Dungeon.
You worshipped Trog.
Trog was most pleased with you.
You visited 1 branch You collected 270 gold pieces.

Inventory:

Hand Weapons
 a - a +0 hand axe
 m - a +0 vorpal scythe (weapon)
Armour
 b - a +0 animal skin
 k - a +0 scale mail (worn)
Wands
 i - a wand of acid (8)
 l - a wand of flame (20)
Scrolls
 h - a scroll of blinking
Potions
 c - a potion of curing
 d - a potion of heal wounds
 e - a potion of haste
 f - 2 potions of magic
 g - a potion of berserk rage
 j - a potion of brilliance {unknown}


   Skills:
 + Level 12.4 Fighting
 + Level 12.9(13.1) Axes
 + Level 2.8(8.8) Polearms
 + Level 7.8 Armour
 + Level 6.1 Dodging


You had 6 spell levels left.
You didn't know any spells.
Your spell library was empty.

Dungeon Overview and Level Annotations

Branches:
Dungeon (1/1)

Altars:
Makhleb
Xom
Jiyva
Lugonu


Innate Abilities, Weirdness & Mutations

You have a pair of horns on your head.
You reflexively headbutt those who attack you in melee.


Message History

The crimson imp disappears in a puff of smoke!
The white imp disappears in a puff of smoke! x2
The sixfirhy disappears in a puff of smoke!
The kobold demonologist hits you but does no damage.
Your Fighting skill increases to level 12!
Your base Polearms skill increases to level 2!
Your Armour skill increases to level 7!
Your Dodging skill increases to level 6!
You closely miss the kobold demonologist.
The kobold demonologist hits you with a +0 dagger.
You slash the kobold demonologist!
The kobold demonologist is heavily wounded.
The kobold demonologist hits you with a +0 dagger.
You closely miss the kobold demonologist.
The kobold demonologist is heavily wounded.
The kobold demonologist closely misses you.
You closely miss the kobold demonologist.
Your headbutt misses the kobold demonologist.
The kobold demonologist is heavily wounded.
You are no longer berserk.
You are exhausted.
You feel yourself slow down.
The kobold demonologist barely misses you.
You closely miss the kobold demonologist.
The kobold demonologist is heavily wounded.
The kobold demonologist hits you with a +0 dagger.
The kobold demonologist gestures wildly while chanting.
You hit the kobold demonologist.
The kobold demonologist is heavily wounded.
The kobold demonologist casts a spell.
The kobold demonologist hits you with a +0 dagger.
The sun demon hits you!!
You are engulfed in flames!
The kobold demonologist hits you but does no damage.
You slash the kobold demonologist!
Your headbutt misses the kobold demonologist.
The kobold demonologist is almost dead.
The sun demon hits you!
You are engulfed in flames!
* * * LOW HITPOINT WARNING * * *
The kobold demonologist misses you. The sun demon hits you!
You die...

#####################
)').#..'..#__#..@3..#
.#..'[.#..'..'..#K4.#
###'#####+#__####...+
#..# #### #### ####


You could see a sun demon (summoned), a rust devil (summoned) and a kobold
demonologist.

Vanquished Creatures
  A kobold demonologist (D)
  A slime creature (D)
  Sigmund (D)
  A floating eye (D)
  An ogre (D)
  Ijyb (D)
6 creatures vanquished.

Notes
Turn   | Place    | Note
-------+----------+-------------------------------------------
     0 | D        | boopmooplesden the Minotaur Berserker began the quest for
                  | the Orb.
     0 | D        | Reached XP level 1. HP: 19/19 MP: 0/0
     3 | D        | Noticed Ijyb
    12 | D        | Killed Ijyb
    13 | D        | Reached skill level 5 in Fighting
    13 | D        | Reached skill level 5 in Axes
    13 | D        | Reached XP level 2. HP: 23/29 MP: 1/1
   165 | D        | Noticed an ogre
   168 | D        | Killed an ogre
   169 | D        | Reached XP level 3. HP: 39/39 MP: 2/2
   169 | D        | Reached XP level 4. HP: 47/47 MP: 3/3
   309 | D        | Noticed Sigmund
   314 | D        | Killed Sigmund
   314 | D        | Reached ** piety under Trog
   315 | D        | Reached skill level 10 in Axes
   315 | D        | Reached skill level 5 in Armour
   315 | D        | Reached XP level 5. HP: 58/58 MP: 4/4
   453 | D        | Found a burning altar of Makhleb.
   453 | D        | Found a viscous altar of Jiyva.
   453 | D        | Found a shimmering altar of Xom.
   453 | D        | Found a corrupted altar of Lugonu.
   453 | D        | Noticed a slime creature
   461 | D        | Killed a slime creature
   462 | D        | Reached skill level 1 in Polearms
   462 | D        | Reached skill level 5 in Dodging
   462 | D        | Reached XP level 6. HP: 48/68 MP: 5/5
   620 | D        | Noticed a kobold demonologist
   622 | D        | Noticed a floating eye
   622 | D        | Noticed a kobold demonologist
   624 | D        | Killed a floating eye
   625 | D        | Reached XP level 7. HP: 74/74 MP: 6/6
   628 | D        | Noticed a sixfirhy
   629 | D        | Killed a kobold demonologist
   629 | D        | Reached *** piety under Trog
   635 | D        | Noticed a sun demon
   636 | D        | Noticed a rust devil
   636 | D        | Slain by a sun demon

Illustrated notes

Levels and vault maps discovered:
D:        dungeon_sprint_1 [red_sonja_temple_1, red_sonja_temple_small_1]

Skill      XL: |  1  2  3  4  5  6  7 |
---------------+----------------------+-----
Fighting       | 5 7 9 11 12 | 12.4
Axes           | 5 8 10 11 12 | 12.9
Armour         | 3 4 5 6 7 |  7.8
Dodging        | 3 4 5 6 |  6.1
Polearms       | 1 2 |  2.8

Action                   |  1- 3 |  4- 6 |  7- 9 || total
-------------------------+-------+-------+-------++-------
Melee: Hand axe          |    11 |     4 |       ||    15
       Headbutt          |     2 |     3 |     1 ||     6
       Punch             |       |     1 |       ||     1
       Scythe            |       |     8 |    12 ||    20
Invok: Berserk           |     2 |     3 |       ||     5
Armor: Scale mail        |       |     2 |     6 ||     8
Dodge: Dodged            |     5 |     6 |     6 ||    17
